 Dungeon Crawl Stone Soup version 0.28.0-53-g5a82cb258f (webtiles) character file.

Game seed: 18245834450964996514

40 Ashen the Ogre Mage (level 3, 0/33 HPs)
             Began as an Ogre Hedge Wizard on June 27, 2022.
             Slain by a scorpion (7 damage)
             ... on level 2 of the Dungeon.
             The game lasted 00:02:45 (1513 turns).

Ashen the Ogre Mage (Ogre Hedge Wizard)             Turns: 1513, Time: 00:02:46

Health: 0/33       AC:  3    Str: 14    XL:     3   Next: 50%
Magic:  1/8        EV:  9    Int: 17    God:
Gold:   54         SH:  0    Dex:  8    Spells: 8/9 levels left

rFire   . . .      SeeInvis +   a - +0 dagger
rCold   . . .      Faith    .   (no shield)
rNeg    . . .      Spirit   .   b - +0 robe
rPois   .          Reflect  .   c - +0 hat
rElec   .          Harm     .   (no cloak)
rCorr   .          Rampage  .   (gloves unavailable)
Will    .....                   (boots unavailable)
Stlth   +.........              (no amulet)
HPRegen 0.11/turn               g - ring of see invisible
MPRegen 0.11/turn               (no ring)

@: lethally poisoned (0 -> -22), very slightly contaminated
A: large, unfitting armour, tough skin 1
a: no special abilities


You were on level 2 of the Dungeon.
You visited 1 branch of the dungeon, and saw 2 of its levels.

You collected 54 gold pieces.

Inventory:

Hand Weapons
 a - a +0 dagger (weapon)
Armour
 b - a +0 robe (worn)
 c - a +0 hat (worn)
Jewellery
 g - a ring of see invisible (left hand)
 i - a ring of fire
Scrolls
 d - 2 scrolls of identify {unknown}
 e - a scroll of immolation {unknown}
 h - a scroll of amnesia {unknown}
 j - a scroll of torment {unknown}
 l - a scroll of teleportation {unknown}
 m - a scroll of magic mapping {unknown}
Potions
 f - 2 potions of curing {unknown}
 k - a potion of haste {unknown}


   Skills:
 + Level 1.1 Fighting
 + Level 2.0 Dodging
 + Level 1.7 Stealth
 + Level 3.8 Spellcasting
 + Level 1.2 Conjurations
 + Level 1.3 Summonings
 + Level 1.4 Translocations


You had 8 spell levels left.
You knew the following spells:

 Your Spells              Type           Power      Damage    Failure   Level
a - Magic Dart            Conj           28%        1d4       10%         1

Your spell library contained the following spells:

 Spells                   Type           Power      Damage    Failure   Level
 Blink                    Tloc           16%        N/A       14%         2
 Call Imp                 Summ           7%         N/A       14%         2
 Slow                     Hex            12%        N/A       16%         1
 Static Discharge         Conj/Air       5%         N/A       19%         2
 Conjure Flame            Conj/Fire      5%         6-21      36%         3
 Mephitic Cloud           Conj/Pois/Air  4%         N/A       38%         3
 Lightning Bolt           Conj/Air       2%         1d14      98%         5
 Maxwell's Capacitive Co  Air            1%         ∞         100%        8


Dungeon Overview and Level Annotations

Branches:
Dungeon (2/15)

Altars:


Innate Abilities, Weirdness & Mutations

You are too large for most types of armour.
You have tough skin. (AC +1)


Message History

Aim: a scorpion (heavily wounded, 100% to hit)
The magic dart hits the scorpion but does no damage.
The scorpion is heavily wounded.
The scorpion stings you.
Casting: Magic Dart (safe; 10% risk of failure)
Confirm with . or Enter, or press ? or * to list all spells.
Aiming: Magic Dart (safe; 10% risk of failure)
Press: ? - help, Shift-Dir - straight line, f/p - scorpion
Aim: a scorpion (heavily wounded, 100% to hit)
You miscast Magic Dart.
You are very lightly contaminated with residual magic.
Nothing appears to happen.
The scorpion stings you.
You are poisoned.
The scorpion poisons you!
You barely miss the scorpion.
The scorpion is heavily wounded.
You feel sick. The scorpion barely misses you. The scorpion closely misses you.
You hit the scorpion.
The scorpion is severely wounded.
You feel sick. The scorpion barely misses you.
You barely miss the scorpion.
The scorpion is severely wounded.
You feel sick. The scorpion closely misses you.
You hit the scorpion but do no damage.
The scorpion is severely wounded.
You feel sick. The scorpion stings you.
You are more poisoned.
The scorpion poisons you!
You closely miss the scorpion.
The scorpion is severely wounded.
You feel very sick. The scorpion stings you!
You are more poisoned.
The scorpion poisons you!
You barely miss the scorpion.
The scorpion is severely wounded.
* * * LOW HITPOINT WARNING * * *
You feel very sick. The scorpion stings you!
You die...

#..............#.#
#..............#.#
#...####.........# ##'##
#....)....#
##'##########....#
#...........#....#####
#...........#..........
#...........#...#######
#........@s)'...#
#...........#...########
#...........#..........#
#...........#..........###
#...........#..........'..
#...........#..........###
#...........###........#
############# #........#
#........#


You could see a scorpion.

Vanquished Creatures
  3 dart slugs
  2 bats (D:1)
  An endoplasm (D:1)
  2 giant cockroaches (D:1)
  3 goblins
  3 hobgoblins (D:1)
  4 kobolds
  3 quokkas (D:1)
  4 ball pythons
  3 frilled lizards
  4 rats (D:1)
32 creatures vanquished.

Notes
Turn   | Place    | Note
-------+----------+-------------------------------------------
     0 | D:1      | Ashen the Ogre Hedge Wizard began the quest for the Orb.
     0 | D:1      | Reached XP level 1. HP: 16/16 MP: 5/5
    11 | D:1      | Noticed a merfolk zombie
    13 | D:1      | Noticed a merfolk zombie
    15 | D:1      | Noticed a minotaur zombie
    19 | D:1      | Noticed a merfolk zombie
    37 | D:1      | Reached skill level 1 in Translocations
   180 | D:1      | Reached skill level 1 in Conjurations
   180 | D:1      | Reached skill level 1 in Summonings
   351 | D:1      | Reached XP level 2. HP: 26/26 MP: 0/6
   757 | D:1      | Reached skill level 1 in Fighting
   757 | D:1      | Reached XP level 3. HP: 33/33 MP: 8/8
  1459 | D:2      | Found a faded altar of an unknown god.
  1499 | D:2      | Noticed a scorpion
  1513 | D:2      | Slain by a scorpion

Illustrated notes

Levels and vault maps discovered:
D:1:      shiori_arrival_whats_in_store_for_you, layout_basic
D:2:      layout_basic, ebering_ecumenical_altar_mist

Skill      XL: |  1  2  3 |
---------------+----------+-----
Translocations | 1 |  1.4
Conjurations   | 1 |  1.2
Summonings     | 1 |  1.3
Fighting       | 1 |  1.1
Dodging        | 2 |  2.0
Stealth        | |  1.7
Spellcasting   | |  3.8

Action                   || total
-------------------------++-------
Melee: Dagger            ||    69
 Cast: Magic Dart        ||    69
 Stab: Sleeping          ||     2
Armor: Robe              ||    21
Dodge: Dodged            ||    45
